 Dungeon Crawl Stone Soup version 0.30-a0-591-g3c58d2bc28 (webtiles) character file.

Game seed: 8937855700760059895

249056 Leeroy the Grand Master (level 19, -13/235 HPs)
             Began as a Merfolk Transmuter on Jan 5, 2023.
             Was the Champion of Wu Jian.
             Mangled by a +2 hand axe of electrocution (20 damage)
             ... on level 2 of the Elven Halls.
             The game lasted 02:37:14 (39642 turns).

Leeroy the Grand Master (Merfolk Transmuter)       Turns: 39642, Time: 02:37:14

Health: -13/235    AC: 16    Str: 21    XL:     19   Next: 58%
Magic:  28/28      EV: 30    Int: 17    God:    Wu Jian [******]
Gold:   1250       SH:  0    Dex: 23    Spells: 3/30 levels left

rFire   + + .      SeeInvis .      - Unarmed
rCold   x . .      Faith    .    (shield currently unavailable)
rNeg    . . .      Spirit   .    (body armour currently unavailable)
rPois   +          Reflect  .    (helmet currently unavailable)
rElec   .          Harm     .    (cloak currently unavailable)
rCorr   .          Rampage  .    (gloves currently unavailable)
Will    +....                    (boots currently unavailable)
Stlth   ++                       Q - amulet of magic regeneration
HPRegen 0.00/turn                C - ring of Gonn {EV+5 Str+2 Dex+8}
MPRegen 0.61/turn                g - +5 ring of evasion

@: exhausted, dragon-form, flying, inhibited regen, slowed, very slow
A: dragon claw, dragon scales, breathe fire, flying, boosted hp, giant, (nimble
swimmer 2), (mertail), clumsy 1, deterioration 1, inhibited regeneration, weak
1, no potion heal 1, (heat vulnerability 1), subdued magic 2
}: 2/15 runes: barnacled, gossamer
a: Breathe Fire, End Transformation, Renounce Religion, Wall Jump, Serpent's
Lash, Heavenly Storm


You were on level 2 of the Elven Halls.
You worshipped Wu Jian.
Wu Jian was exalted by your worship.
You were a fearsome dragon!
You visited 8 branches of the dungeon, and saw 35 of its levels.
You also visited: Ossuary, Bailey and Ice Cave.

You collected 3335 gold pieces.
You spent 2085 gold pieces at shops.

Inventory:

Hand Weapons
 d - the +9 quarterstaff "Petzosatt" {heavy, rN++ rCorr}
   (You found it in an ice cave)

   rN:        It greatly protects you from negative energy.
   rCorr:     It protects you from acid and corrosion.
Missiles
 v - 5 curare-tipped darts (quivered)
Armour
 i - a +2 pair of gloves (melded)
 x - a +1 pair of boots of stealth (melded)
 B - a +2 helmet (melded)
 D - a scarf of resistance
 F - the +4 robe "Faem" {Will+ SInv}
   (You found it on level 2 of the Spider Nest)

   SInv:      It lets you see invisible.
   Will:      It increases your willpower.
 N - the +1 robe of Gehenna (melded) {rElec Dex+6 Stlth+}
   (You took it off a merfolk on level 3 of the Shoals)

   Dex:       It affects your dexterity (+6).
   rElec:     It insulates you from electricity.
   Stlth:     It makes you more stealthy.
 R - a +2 robe of resistance
Jewellery
 e - a +6 ring of strength
 g - a +5 ring of evasion (right foreclaw)
 j - a +6 ring of dexterity
 n - a ring of protection from fire
 q - a ring of magical power
 s - a +6 ring of intelligence
 u - a ring of fire
 z - a ring of positive energy
 C - the ring of Gonn (left foreclaw) {EV+5 Str+2 Dex+8}
   (You found it on level 5 of the Lair of Beasts)

   [ring of evasion]

   EV:        It affects your evasion (+5).
   Str:       It affects your strength (+2).
   Dex:       It affects your dexterity (+8).
 G - a +5 ring of evasion
 L - a +6 ring of intelligence
 Q - an amulet of magic regeneration (around neck)
 T - a ring of protection from cold
 W - a ring of resist corrosion
Wands
 w - a wand of roots (5)
 A - a wand of paralysis (15)
 H - a wand of quicksilver (15)
 I - a wand of digging (7)
 K - a wand of mindburst (37)
 P - a wand of flame (9)
Scrolls
 f - 3 scrolls of teleportation
 k - 7 scrolls of vulnerability
 p - 3 scrolls of silence
 y - 4 scrolls of poison
 O - a scroll of magic mapping
 V - 5 scrolls of immolation
 X - 3 scrolls of torment
Potions
 a - 4 potions of lignification
 c - 19 potions of curing
 h - 6 potions of might
 l - 4 potions of flight
 m - 9 potions of attraction
 o - 2 potions of berserk rage
 r - 3 potions of resistance
 t - 3 potions of brilliance
 S - 2 potions of haste
 U - 2 potions of cancellation
 Y - 10 potions of ambrosia
 Z - 5 potions of mutation
Miscellaneous
 J - a condenser vane
 M - a tin of tremorstones (2/2)


   Skills:
 - Level 16.0 Fighting
 - Level 0.3 Long Blades
 - Level 0.1(0.3) Axes
 - Level 0.2(0.3) Maces & Flails
 - Level 0.3(0.4) Polearms
 - Level 0.1 Ranged Weapons
 + Level 17.5 Dodging
 O Level 27 Unarmed Combat
 - Level 6.0 Spellcasting
 - Level 0.1 Conjurations
 - Level 0.1 Hexes
 - Level 0.1 Summonings
 - Level 0.3 Necromancy
 - Level 0.1 Translocations
 - Level 16.0 Transmutations
 - Level 0.1 Fire Magic
 - Level 0.2 Ice Magic
 - Level 0.3 Air Magic
 - Level 0.1 Earth Magic
 - Level 0.4 Invocations


You had 3 spell levels left.
You knew the following spells:

 Your Spells              Type           Power      Damage    Failure   Level
a - Necromutation         Tmut/Necr      10%        N/A       100%        8
b - Spider Form           Tmut/Pois      20%        N/A       1%          3
c - Blade Hands           Tmut           18%        N/A       1%          5
d - Ice Form              Ice/Tmut       20%        N/A       2%          4
e - Dragon Form           Tmut           18%        N/A       11%         7

Your spell library contained the following spells:

 Spells                   Type           Power      Damage    Failure   Level
 Beastly Appendage        Tmut           74%        N/A       0%          1
 Wereblood                Tmut           37%        N/A       0%          2
 Sting                    Tmut/Pois      80%        1d7       1%          1
 Ignite Poison            Fire/Tmut/Pois 14%        N/A       2%          3
 Apportation              Tloc           6%         N/A       8%          1
 Foxfire                  Conj/Fire      12%        2x1d4     8%          1
 Magic Dart               Conj           12%        1d3       8%          1
 Necrotise                Necr           12%        1d4       8%          1
 Slow                     Hex            12%        N/A       8%          1
 Summon Small Mammal      Summ           12%        N/A       8%          1
 Sublimation of Blood     Necr           3%         N/A       12%         2
 Call Imp                 Summ           3%         N/A       13%         2
 Poisonous Vapours        Pois/Air       6%         N/A       13%         2
 Searing Ray              Conj           6%         2d4       13%         2
 Kindle Blastsparks       Fire/Tloc/Air  6%         2d10      26%         3
 Mephitic Cloud           Conj/Pois/Air  3%         N/A       26%         3
 Tukima's Dance           Hex            3%         N/A       26%         3
 Portal Projectile        Hex/Tloc       6%         N/A       28%         3
 Petrify                  Tmut/Erth      20%        N/A       2%          4
 Irradiate                Conj/Tmut      10%        3d15      9%          5
 Fulminant Prism          Conj/Hex       1%         3d5       69%         4
 Iskenderun's Mystic Bla  Conj/Tloc      3%         2d3       69%         4
 Olgreb's Toxic Radiance  Pois           3%         N/A       69%         4
 Freezing Cloud           Conj/Ice/Air   1%         6-21      95%         5
 Summon Mana Viper        Hex/Summ       3%         N/A       95%         5
 Fireball                 Conj/Fire      1%         3d3       96%         5
 Lee's Rapid Deconstruct  Erth           1%         3d4*      96%         5
 Starburst                Conj/Fire      1%         6d3       100%        6
 Borgnjor's Revivificati  Necr           1%         N/A       100%        8
 Death's Door             Necr           1%         N/A       100%        9


Dungeon Overview and Level Annotations

Branches:
Dungeon (12/15)            Temple (1/1) D:6            Lair (5/5) D:9
 Shoals (4/4) Lair:2       Spider (4/4) Lair:2        Slime (5/5) Lair:5
    Orc (2/2) D:11            Elf (2/3) Orc:2       Ossuary (visited)
 Bailey (visited)           IceCv (visited)

Altars:
Ashenzari
Cheibriados
Dithmenos
Elyvilon
Fedhas
Gozag
Hepliaklqana
Kikubaaqudgha
Makhleb
Nemelex Xobeh
Okawaru
Qazlal
Ru
Sif Muna
Trog
Uskayaw
Vehumet
Wu Jian
Xom
Yredelemnul
Zin
The Shining One
Jiyva

Shops:
D:6 (   D:8 (   Orc:2 (!:[(   Shoals:2 *   Shoals:4 *

Annotations:
D:10 3 runed translucent doors, exclusion: oklob plant, adozu's ghost, novice DrCj
Slime:5 Royal Jelly


Innate Abilities, Weirdness & Mutations

You are a fearsome dragon!
You have a powerful clawing attack.
Your giant scaled body is strong and resiliant, but less evasive.
You can breathe fire.
You are flying.
Your maximum health is greatly increased.
Your armour is entirely melded.
You are incapable of wielding weapons or throwing items.
((You are very nimble when in or above water. (Stealth+, EV+, Speed+++)))
((Your lower body shifts to a powerful aquatic tail in water.))
You are clumsy. (Dex -2)
Your body sometimes deteriorates upon taking damage.
You do not regenerate when monsters are visible.
You are weak. (Str -2)
Potions are less effective at restoring your health.
((You are vulnerable to heat. (rF-)))
Your spells are easier to cast, but less powerful.


Message History

Your system partially rejects the healing.
You feel much better.
The deep elf knight casts a spell.
The deep elf knight flickers and vanishes!
Deactivating autopickup; reactivate with Ctrl-A.
The deep elf zephyrmancer casts a spell at you.
The bolt of lightning misses you.
You hear a shout! x2
Your system partially rejects the healing.
You feel much better.
You have got your breath back.
The +2 flail of protection hits you!!
* * * LOW HITPOINT WARNING * * *
The +2 flail of protection completely misses you.
A deep elf pyromancer comes into view.
It is wielding a +2 long sword of holy wrath.
The +2 flail of protection hits you!
* * * LOW HITPOINT WARNING * * *
As you read the scroll of fear, it crumbles to dust.
You assume a fearsome visage.
The +2 hand axe of electrocution is unaffected.
The deep elf zephyrmancer looks frightened!
The deep elf pyromancer looks frightened!
The deep elf pyromancer easily resists.
The deep elf zephyrmancer looks frightened!
The +2 flail of protection is unaffected.
The +2 flail of protection hits you.
* * * LOW HITPOINT WARNING * * *
You hear some strange, mumbled words.
A lance of force appears from out of thin air!
The lance of force misses you.
The deep elf zephyrmancer casts a spell.
The deep elf zephyrmancer blinks!
The deep elf pyromancer casts a spell.
The deep elf pyromancer blinks!
The deep elf zephyrmancer casts a spell.
The deep elf zephyrmancer blinks!
The +2 hand axe of electrocution hits you.
* * * LOW HITPOINT WARNING * * *
You are electrocuted!!
You die...

#......
###.......
##e........
#.......... .
##..........
..###..§........
................
................
.......D(.......
......(.........
........§.{...§.
................
...e............
......###.e.....
.....# #......
..... .....


You could see a deep elf pyromancer, 2 deep elf zephyrmancers and 2 dancing
weapons.

Vanquished Creatures
  Nikola (Shoals:1)
  Rupert (Lair:3)
  Frances (Spider:1)
  5 acid blobs
  Agnes (Elf:2)
  3 krakens
  A storm dragon (Elf:1)
  A shadow dragon (Elf:1)
  5 azure jellies
  4 rockslimes
  7 emperor scorpions
  A deep elf sorcerer (Elf:2)
  The ghost of Chingon the Warrior, a journeyman MiFi of Okawaru (Orc:2)
  Aizul (Elf:1)
  A frost giant (IceCv)
  4 ghost moths (Spider:4)
  2 orc warlords
  The ghost of Dominolapin the Destroyer, a journeyman DrHW of Sif Muna (Orc:2)
  4 quicksilver oozes
  2 deep elf demonologists
  The ghost of Dominolapin the Tainted, a journeyman GrFi of Yredelemnul (Orc:2)
  A deep elf annihilator (Elf:1)
  3 spark wasps
  5 entropy weavers
  An ettin (Orc:2)
  4 merfolk javelineers
  3 fire dragons
  7 merfolk impalers
  Snorg (D:10)
  3 great orbs of eyes
  2 deep elf high priests (Elf:1)
  2 hydras
  Fannar (Lair:3)
  Erolcha (D:10)
  A merfolk avatar (Shoals:4)
  A catoblepas (Lair:2)
  6 merfolk aquamancers
  3 boulder beetles
  4 alligator snapping turtles (Shoals:4)
  5 two-headed ogres
  A centaur warrior (Shoals:1)
  2 satyrs
  6 radroaches
  8 dancing weapons
  7 death yaks
  Sonja (Lair:5)
  Nergalle (Lair:2)
  4 orc high priests (Orc:2)
  10 deep elf knights
  4 pharaoh ants
  3 sun moths
  20 sea snakes
  8 orb spiders
  A wizard (Elf:2)
  15 harpies
  Pikel (D:6)
  A lindwurm (shapeshifter) (Elf:1)
  13 deep elf pyromancers
  A steelbarb worm (Spider:1)
  10 deep elf zephyrmancers
  An ugly thing (IceCv)
  7 orc knights
  9 deep elf archers
  2 lindwurms
  11 fauns
  12 wolf spiders
  4 shining eyes
  5 orc sorcerers (Orc:2)
  9 elephants
  2 cyclopes
  13 manticores
  2 moths of wrath
  6 black mambas
  An ice statue (IceCv)
  7 water nymphs
  11 merfolk sirens
  2 demonic crawlers (Spider:1)
  2 molten gargoyles (Lair:5)
  An eye of devastation (Slime:1)
  A torpor snail (Spider:2)
  13 cane toads
  An unseen horror (D:11)
  10 komodo dragons
  2 kobold demonologists
  2 rime drakes
  8 wind drakes
  27 merfolk
  3 trolls (Orc:2)
  7 hornets
  13 polar bears
  9 tarantellas
  Prince Ribbit (D:9)
  14 blink frogs
  41 slime creatures
  14 snapping turtles
  36 jumping spiders
  2 wraiths
  3 air elementals (Elf:2)
  A fire elemental (Elf:2)
  13 water elementals
  14 culicivoras
  13 wyverns
  74 yaks
  A shadow (D:10)
  Grum (D:9)
  6 golden eyes
  4 basilisks
  56 redbacks
  A steam dragon (Lair:2)
  5 wargs
  2 acid dragons (D:11)
  3 hell hounds (Lair:5)
  14 water moccasins
  3 ice beasts
  31 orc warriors
  A sky beast (D:7)
  10 ogres
  2 black bears
  2 boggarts (Elf:2)
  A phantom (D:7)
  4 centaurs
  35 wolves
  A lemure (D:5)
  2 kobold brigands
  A necrophage (D:7)
  5 scorpions
  16 bullfrogs
  An earth elemental (Elf:1)
  15 killer bees
  5 electric eels
  2 howler monkeys
  A crimson imp (D:7)
  5 lava snakes (Lair:5)
  3 human zombies (Ossuary)
  3 hounds
  3 jellies
  A centaur zombie (Ossuary)
  17 orc priests
  2 iguanas
  21 orc wizards
  A gnoll bouda (D:10)
  3 scorpion zombies (Ossuary)
  Terence (D:2)
  4 mummies
  4 gnolls (Orc:1)
  8 adders
  2 shadow imps
  A white imp (D:8)
  An ufetubus (D:5)
  2 worms
  3 dart slugs
  80 orcs
  7 ball pythons
  4 endoplasms
  5 giant cockroaches
  2 goblins
  5 hobgoblins
  2 jackals (D:4)
  3 quokkas
  3 bats
  3 frilled lizards
  2 gnoll zombies (Ossuary)
  2 goblin zombies (Ossuary)
  A hobgoblin zombie (Ossuary)
  10 kobolds
  4 rats
  8 tentacles
1105 creatures vanquished.

Vanquished Creatures (others)
  A jumping spider (Spider:1)
  A water elemental (Shoals:1)
  An orc priest (Orc:2)
  A bush (Lair:5)
  29 fungi
  86 plants
  10 tentacles
  4 withered plants (Orc:2)
133 creatures vanquished.

Grand Total: 1238 creatures vanquished

Notes
Turn   | Place    | Note
-------+----------+-------------------------------------------
     0 | D:1      | Leeroy the Merfolk Transmuter began the quest for the Orb.
     0 | D:1      | Reached XP level 1. HP: 15/15 MP: 3/3
   417 | D:1      | Reached XP level 2. HP: 21/21 MP: 5/5
   449 | D:1      | Reached skill level 4 in Unarmed Combat
   852 | D:2      | Noticed Terence
   911 | D:2      | Reached XP level 3. HP: 22/26 MP: 6/6
   922 | D:2      | Learned a level 3 spell: Spider Form
   950 | D:2      | Killed Terence
   951 | D:2      | Reached skill level 5 in Unarmed Combat
  1186 | D:2      | Reached XP level 4. HP: 24/32 MP: 7/7
  1508 | D:2      | Found a faded altar of an unknown god.
  1771 | D:3      | Found a shadowy altar of Dithmenos.
  1809 | D:3      | Got the Spellbook of the Fairies
  2213 | D:4      | Found a sacrificial altar of Ru.
  2243 | D:4      | Noticed a scorpion
  2463 | D:4      | Reached XP level 5. HP: 37/37 MP: 8/8
  2469 | D:4      | Found a bloodstained altar of Trog.
  2737 | D:4      | Found an ancient bone altar of Kikubaaqudgha.
  2766 | D:4      | Reached skill level 5 in Transmutations
  2788 | D:5      | Entered Level 5 of the Dungeon
  2788 | D:5      | Found a stormy altar of Qazlal.
  3054 | D:5      | Found a glowing silver altar of Zin.
  3137 | D:5      | Noticed an ogre
  3153 | D:4      | Reached XP level 6. HP: 24/43 MP: 2/9
  3454 | D:4      | Found an ornate altar of the Wu Jian Council.
  3459 | D:4      | Became a worshipper of the Wu Jian Council
  3645 | D:4      | Learned a level 5 spell: Blade Hands
  4160 | D:5      | Reached XP level 7. HP: 35/48 MP: 4/10
  4435 | D:6      | Found a staircase to the Ecumenical Temple.
  4525 | Temple   | Entered the Ecumenical Temple
  5187 | D:6      | Reached skill level 10 in Transmutations
  5333 | D:6      | Reached skill level 6 in Unarmed Combat
  5333 | D:6      | Reached XP level 8. HP: 52/54 MP: 5/11
  5388 | D:6      | Found Cyxoaq's Weapon Shoppe.
  5665 | D:6      | Found an iron altar of Okawaru.
  5773 | D:6      | Reached skill level 7 in Unarmed Combat
  5823 | D:6      | Noticed Pikel
  6266 | D:7      | Reached skill level 8 in Unarmed Combat
  6391 | D:7      | Reached skill level 9 in Unarmed Combat
  6432 | D:7      | Found a flagged portal.
  6435 | D:7      | Noticed a hornet
  6442 | Bailey   | Entered a bailey
  6739 | Bailey   | Reached skill level 5 in Dodging
  6739 | Bailey   | Reached XP level 9. HP: 54/59 MP: 1/12
  7287 | Bailey   | Noticed an orc knight
  7317 | Bailey   | Killed an orc knight
  7317 | Bailey   | Reached * piety under Wu Jian
  8127 | D:8      | Noticed a two-headed ogre
  8149 | D:8      | Found a sand-covered staircase.
  8157 | Ossuary  | Entered an ossuary
  8994 | D:6      | Killed Pikel
  8995 | D:6      | Reached XP level 10. HP: 77/77 MP: 7/13
  9502 | D:8      | Noticed a two-headed ogre
  9678 | D:7      | Found a radiant altar of Vehumet.
  9678 | D:7      | Found a burning altar of Makhleb.
  9842 | D:9      | Noticed Grum
  9864 | D:9      | Killed Grum
  9941 | D:9      | Found a staircase to the Lair.
 10053 | D:9      | Noticed Prince Ribbit
 10060 | D:9      | Killed Prince Ribbit
 10138 | D:9      | Reached skill level 5 in Spellcasting
 10152 | D:9      | Found a broken altar of Ashenzari.
 10155 | D:9      | Found a shimmering altar of Xom.
 10171 | D:9      | Reached ** piety under Wu Jian
 10291 | D:8      | Found a basalt altar of Yredelemnul.
 10294 | D:8      | Found Vaimp's Antique Weapon Boutique.
 10606 | D:9      | Found a glowing golden altar of the Shining One.
 10652 | D:9      | Noticed a two-headed ogre
 10653 | D:9      | Noticed a kobold demonologist
 10655 | D:9      | Noticed a sun demon
 10801 | D:9      | Noticed a two-headed ogre
 10977 | D:10     | Entered Level 10 of the Dungeon
 10997 | D:10     | Reached skill level 10 in Dodging
 11278 | D:10     | Noticed Snorg
 11283 | D:10     | Reached XP level 11. HP: 83/84 MP: 15/20
 11335 | D:10     | Killed Snorg
 11561 | D:10     | Reached *** piety under Wu Jian
 11621 | D:10     | Found a runed translucent gate.
 11622 | D:10     | Found a runed translucent gate.
 11624 | D:10     | Found an opulent altar of Gozag.
 11625 | D:10     | Found a runed translucent gate.
 11627 | D:10     | Noticed a boulder beetle
 11627 | D:10     | Noticed adozu's ghost (novice DrCj)
 11788 | D:10     | Found a blossoming altar of Fedhas.
 11789 | D:10     | Noticed Erolcha
 12333 | D:11     | Found a staircase to the Orcish Mines.
 12337 | D:11     | Noticed a two-headed ogre
 12762 | D:9      | Killed a two-headed ogre
 12763 | D:9      | Reached skill level 15 in Dodging
 12979 | D:9      | Killed a two-headed ogre
 13217 | D:8      | Killed a two-headed ogre
 13344 | D:8      | You fall into a shaft and drop 3 floors!
 13358 | D:12     | Noticed a cyclops
 13368 | D:12     | Noticed a wolf spider
 13374 | D:11     | Killed a wolf spider
 13375 | D:11     | Reached XP level 12. HP: 65/91 MP: 17/21
 13550 | D:11     | Killed a two-headed ogre
 13551 | D:11     | Reached skill level 10 in Unarmed Combat
 13746 | D:11     | Learned a level 4 spell: Ice Form
 14181 | Lair:1   | Entered Level 1 of the Lair of Beasts
 14441 | Lair:1   | Reached skill level 11 in Unarmed Combat
 14527 | Lair:1   | Reached **** piety under Wu Jian
 14770 | Lair:1   | Identified a scroll of acquirement
 14770 | Lair:1   | Acquired a book of Transfigurations
 14781 | Lair:1   | Learned a level 7 spell: Dragon Form
 15037 | Lair:2   | Reached skill level 12 in Unarmed Combat
 15037 | Lair:2   | Noticed a catoblepas
 15046 | Lair:2   | Killed a catoblepas
 15303 | Lair:2   | Noticed Nergalle
 15312 | Lair:2   | Killed Nergalle
 15344 | Lair:2   | Reached skill level 13 in Unarmed Combat
 15398 | Lair:2   | Found a hole to the Spider Nest.
 15694 | Lair:2   | Reached skill level 14 in Unarmed Combat
 15736 | Lair:2   | Found a staircase to the Shoals.
 15830 | Lair:2   | Reached XP level 13. HP: 96/96 MP: 20/22
 15864 | Lair:2   | Reached skill level 15 in Unarmed Combat
 16422 | Lair:3   | Reached ***** piety under Wu Jian
 16594 | Lair:3   | Noticed Rupert
 16594 | Lair:3   | Paralysed by Rupert for 5 turns
 16609 | Lair:3   | Killed Rupert
 16861 | Lair:3   | Noticed Fannar
 18293 | Lair:5   | Entered Level 5 of the Lair of Beasts
 18318 | Lair:5   | Reached skill level 15 in Transmutations
 18385 | Lair:5   | Noticed Sonja
 18418 | Lair:5   | Found a frozen archway.
 18428 | IceCv    | Entered an ice cave
 18614 | IceCv    | Reached XP level 14. HP: 103/103 MP: 23/23
 18855 | IceCv    | Reached ****** piety under Wu Jian
 18999 | IceCv    | Reached skill level 16 in Unarmed Combat
 19096 | IceCv    | Identified the +9 quarterstaff "Petzosatt" {heavy, rN++
                  | rCorr}
 19118 | IceCv    | Noticed a frost giant
 19178 | IceCv    | Killed a frost giant
 19643 | Lair:5   | Found a viscous altar of Jiyva.
 19643 | Lair:5   | Found a staircase to the Slime Pits.
 19661 | Lair:5   | Reached skill level 17 in Unarmed Combat
 19738 | Lair:5   | Found a large runed translucent door.
 19922 | Lair:5   | Reached skill level 18 in Unarmed Combat
 20164 | Lair:5   | Found a large runed translucent door.
 20548 | Lair:5   | Killed Sonja
 20869 | Lair:5   | Identified the ring of Gonn {EV+5 Str+2 Dex+8}
 21071 | Lair:3   | Killed Fannar
 21309 | Shoals:1 | Entered Level 1 of the Shoals
 21314 | Shoals:1 | Noticed a kraken
 21321 | Shoals:1 | Killed a kraken
 21328 | Shoals:1 | Reached XP level 15. HP: 108/108 MP: 24/24
 21497 | Shoals:1 | Reached skill level 19 in Unarmed Combat
 21844 | Shoals:1 | Noticed Nikola
 22094 | Shoals:2 | Reached skill level 20 in Unarmed Combat
 22951 | Shoals:2 | Found Nielon's CLEARANCE SALE!.
 22964 | Shoals:2 | Reached skill level 21 in Unarmed Combat
 22969 | Shoals:2 | Bought a potion of resistance for 50 gold pieces
 22969 | Shoals:2 | Bought a potion of mutation for 40 gold pieces
 23822 | Shoals:3 | Found a runed translucent door.
 23842 | Shoals:3 | HP: 7/165 [wind drake/the air (6)]
 24404 | Shoals:3 | Reached XP level 16. HP: 119/119 MP: 20/25
 24566 | Shoals:3 | Reached skill level 10 in Fighting
 24792 | Shoals:3 | Noticed a kraken
 24802 | Shoals:3 | Killed a kraken
 24852 | Shoals:3 | Identified the +1 robe of Gehenna {rElec Dex+6 Stlth+}
 25118 | Shoals:4 | Entered Level 4 of the Shoals
 25360 | Shoals:4 | Found Zipturhi's Overcharged Wands.
 25552 | Shoals:4 | Gained mutation: You do not regenerate when monsters are
                  | visible. [mutagenic glow]
 25587 | Shoals:4 | Gained mutation: You are vulnerable to heat. (rF-)
                  | [mutagenic glow]
 25720 | Shoals:4 | Noticed a kraken
 26450 | Shoals:4 | Killed a kraken
 26459 | Shoals:4 | Got a barnacled rune of Zot
 26943 | Shoals:1 | Killed Nikola
 27359 | Spider:1 | Entered Level 1 of the Spider Nest
 27630 | Spider:1 | Reached skill level 15 in Fighting
 27634 | Spider:1 | Reached XP level 17. HP: 142/142 MP: 26/26
 28071 | Spider:1 | You are sucked into a shaft and drop 1 floor!
 28077 | Spider:2 | Identified the +4 robe "Faem" {Will+ SInv}
 28970 | Spider:1 | Noticed Frances
 28983 | Spider:1 | Killed Frances
 29467 | Spider:3 | Reached skill level 22 in Unarmed Combat
 30282 | Spider:4 | Entered Level 4 of the Spider Nest
 31068 | Spider:4 | Reached skill level 23 in Unarmed Combat
 31329 | Spider:4 | Got a gossamer rune of Zot
 31632 | Spider:4 | Reached XP level 18. HP: 151/151 MP: 21/27
 32481 | Slime:1  | Entered Level 1 of the Pits of Slime
 32502 | Slime:1  | Reached skill level 24 in Unarmed Combat
 33559 | Slime:3  | Gained mutation: Potions are less effective at restoring
                  | your health. [a shining eye]
 33560 | Slime:3  | Gained mutation: Your body sometimes deteriorates upon
                  | taking damage. [a shining eye]
 33562 | Slime:3  | Gained mutation: You are weak. (Str -2) [a shining eye]
 33563 | Slime:3  | Gained mutation: You are clumsy. (Dex -2) [a shining eye]
 34140 | Slime:4  | Gained mutation: Your spells are a little easier to cast,
                  | but a little less powerful. [a shining eye]
 34263 | Slime:5  | Entered Level 5 of the Pits of Slime
 34266 | Slime:5  | Gained mutation: Your spells are easier to cast, but less
                  | powerful. [a shining eye]
 34271 | Slime:5  | Reached skill level 25 in Unarmed Combat
 34599 | Slime:5  | Noticed the Royal Jelly
 34599 | Slime:5  | Paralysed by a great orb of eyes for 5 turns
 35123 | D:10     | Killed Erolcha
 35344 | Orc:1    | Entered Level 1 of the Orcish Mines
 35532 | Orc:2    | Entered Level 2 of the Orcish Mines
 35656 | Orc:2    | Found a staircase to the Elven Halls.
 35804 | Orc:2    | Found a runed translucent gate.
 35804 | Orc:2    | Found a runed translucent gate.
 35810 | Orc:2    | Found a runed translucent gate.
 35811 | Orc:2    | Noticed Dominolapin's ghost (journeyman DrHW)
 35812 | Orc:2    | Noticed Dominolapin's ghost (journeyman GrFi)
 35812 | Orc:2    | Noticed Chingon's ghost (journeyman MiFi)
 35821 | Orc:2    | Found Guap's Antique Weapon Shop.
 36054 | Orc:2    | Found Leisumy's Armour Shop.
 36063 | Orc:2    | Found Zegusile's Book Shoppe.
 36096 | Orc:2    | Found Uvvuuf's Distillery.
 36348 | Orc:2    | Bought a Necronomicon for 840 gold pieces
 36348 | Orc:2    | Bought a book of Alchemy for 420 gold pieces
 36360 | Orc:2    | Found Zuxt's Antique Weapon Shop.
 36366 | Orc:2    | Bought 2 potions of heal wounds for 150 gold pieces
 36366 | Orc:2    | Bought a potion of heal wounds for 75 gold pieces
 36366 | Orc:2    | Bought a potion of curing for 45 gold pieces
 36366 | Orc:2    | Bought a potion of curing for 45 gold pieces
 36366 | Orc:2    | Bought a potion of ambrosia for 120 gold pieces
 36366 | Orc:2    | Bought a potion of ambrosia for 120 gold pieces
 36366 | Orc:2    | Bought a potion of lignification for 45 gold pieces
 36366 | Orc:2    | Bought a potion of berserk rage for 75 gold pieces
 36366 | Orc:2    | Bought a potion of might for 60 gold pieces
 36714 | Orc:2    | Killed Dominolapin's ghost
 36714 | Orc:2    | Killed Dominolapin's ghost
 36716 | Orc:2    | Killed Chingon's ghost
 36717 | Orc:2    | Reached skill level 26 in Unarmed Combat
 36721 | Orc:2    | Identified the +8 great sword "Xysk" {heavy, rElec}
 37440 | Elf:1    | Entered Level 1 of the Elven Halls
 37809 | Elf:1    | Reached XP level 19. HP: 157/157 MP: 24/28
 38262 | Elf:1    | Found a runed translucent gate.
 38262 | Elf:1    | Found a runed translucent gate.
 38262 | Elf:1    | Found a runed translucent gate.
 38262 | Elf:1    | Found a runed translucent gate.
 38262 | Elf:1    | Found a runed translucent gate.
 38263 | Elf:1    | Found a runed translucent gate.
 38308 | Elf:1    | Noticed Aizul
 38316 | Elf:1    | Killed Aizul
 39318 | Elf:2    | Reached skill level 27 in Unarmed Combat
 39329 | Elf:2    | Learned a level 8 spell: Necromutation
 39361 | Elf:2    | Noticed Agnes
 39369 | Elf:2    | Killed Agnes
 39599 | Elf:2    | Paralysed by an air elemental for 1 turns
 39602 | Elf:2    | Paralysed by an air elemental for 1 turns
 39642 | Elf:2    | HP: 9/235 [+2 flail of protection (4)]
 39642 | Elf:2    | Mangled by a +2 hand axe of electrocution

Illustrated notes

Levels and vault maps discovered:
D:1:      dpeg_arrival_rhombus, layout_loops_ring
D:2:      layout_loops_ring, shapermc_ecumenical_altar_hornbeckon, uniq_terence
D:3:      layout_basic, grunt_dithmenos_smoke
D:4:      layout_loops_corners, mainiacjoe_overflow_alcove_1,
          mainiacjoe_overflow_alcove_2, lemuel_round_altar,
          mainiacjoe_overflow_brackets, kennysheep_generic_room_14
D:5:      layout_loops_ring, zin_treasury, grunt_qazlal_sundering,
          serial_bayou_ford_a
D:6:      layout_loops_ring, okawaru_trees_2, temple_pool_b, serial_shops,
          nicolae_stop_n_shop_1, minmay_strange_pillars, uniq_pikel
D:7:      layout_basic, grunt_temple_overflow_lords_of_destruction,
          enter_bailey_2
D:8:      layout_cave_pods, yredelemnul_altar_generic,
          gup_ossuary_entry_pyramid, serial_shops, kennysheep_mini
D:9:      layout_basic, mainiacjoe_overflow_catwalk,
          mainiacjoe_overflow_tiny_flanked, general_overflow_altar,
          hellmonk_lair_entry_icy, uniq_prince_ribbit1, uniq_grum
D:10:     nicolae_whirlpool, layout_small_grid, tgw_fedhas, ebering_ghost_gozag,
          corexii_hall_statues_x, dreamdust_gnoll_shepherd, uniq_erolcha,
          uniq_snorg
D:11:     layout_irregular_city, orc_0_dummy
D:12:     layout_cave_pools
Temple:   nicolae_temple_ecumenical_triangle
Lair:1:   layout_regular_city
Lair:2:   layout_misc_corridors, minmay_shoals_entry_hut,
          spider_nest_entry_webs, st_stairs_11, beast_lair_carwin_8,
          grunt_megastairs_2, uniq_nergalle
Lair:3:   layout_regular_city, uniq_fannar, uniq_rupert
Lair:4:   layout_loops_ring, nicolae_quartered_pool_medium
Lair:5:   cheibrodos_lair_end_hotspot, layout_cave_pods, slime_entry_1,
          portal_ice_cave_entry_pillars_1, infiniplex_staircase_pool_2,
          uniq_sonja
Shoals:1: layout_shoals, uniq_nikola
Shoals:2: layout_shoals, nicolae_shop_clearance
Shoals:3: layout_shoals, lightli_airlock
Shoals:4: shoals_end_hangedman, layout_shoals,
          nicolae_shoals_stone_sculpture_thing, nicolae_shop_overcharged_wands
Spider:1: layout_chambers, nicolae_spider_scorpion_nest, uniq_frances
Spider:2: layout_spider_delve, drop_trap
Spider:3: nicolae_spider_mines_1
Spider:4: spider_rune_water, drop_trap
Slime:1:  layout_caves
Slime:2:  layout_caves
Slime:3:  layout_caves
Slime:4:  layout_caves
Slime:5
Orc:1:    layout_caves
Orc:2:    st_orc_elflike, layout_diamond_mine, gammafunk_ghost_cemetery,
          serial_shops, shop
Elf:1:    layout_gridlike, orc_legates, minmay_misc_feat_columns, uniq_aizul
Elf:2:    nicolae_elf_blades_crystal_corner, layout_gridlike,
          hangedman_elf_disciples, uniq_agnes

Skill      XL: |  1  2  3  4  5  6  7  8  9 10 11 12 13 14 15 16 17 18 19 |
---------------+----------------------------------------------------------+-----
Unarmed Combat | 4 5 6 9 14 15 18 21 23 26 27 | 27.0
Transmutations | 3 5 8 10 16 | 16.0
Dodging        | 5 9 11 16 17 | 17.5
Fighting       | 6 7 8 15 16 | 16.0
Spellcasting   | 6 |  6.0
Long Blades    | |  0.3
Axes           | |  0.1
Maces & Flails | |  0.2
Polearms       | |  0.3
Ranged Weapons | |  0.1
Conjurations   | |  0.1
Hexes          | |  0.1
Summonings     | |  0.1
Necromancy     | |  0.3
Translocations | |  0.1
Fire Magic     | |  0.1
Ice Magic      | |  0.2
Air Magic      | |  0.3
Earth Magic    | |  0.1
Invocations    | |  0.4

Action                   |  1- 3 |  4- 6 |  7- 9 | 10-12 | 13-15 | 16-18 | 19-21 || total
-------------------------+-------+-------+-------+-------+-------+-------+-------++-------
Melee: Unarmed           |    82 |   181 |   255 |   464 |   684 |   904 |   142 ||  2712
       Punch             |     1 |     5 |    13 |    42 |    75 |   133 |    20 ||   289
       Headbutt          |       |     2 |       |       |       |       |       ||     2
       Tailslap          |       |       |     7 |     8 |    74 |   118 |    15 ||   222
       Bite              |       |       |       |       |    32 |    77 |    17 ||   126
Throw: Dart              |       |       |       |     8 |       |       |       ||     8
 Cast: Spider Form       |     1 |     3 |       |       |     3 |       |       ||     7
       Beastly Appendage |       |     2 |       |       |       |       |       ||     2
       Blade Hands       |       |     3 |    36 |    55 |    20 |       |       ||   114
       Dragon Form       |       |       |       |       |    32 |    71 |    13 ||   116
       Ice Form          |       |       |       |       |     1 |     2 |       ||     3
Invok: Lunge             |       |     3 |    22 |    39 |    74 |   102 |    14 ||   254
       Whirlwind         |       |       |    17 |    50 |   115 |   212 |    24 ||   418
       Serpent's Lash    |       |       |       |     1 |     6 |     2 |     1 ||    10
 Abil: Wall Jump         |       |       |       |     3 |     6 |    21 |     2 ||    32
       Breathe Fire      |       |       |       |       |     3 |     6 |     2 ||    11
       End Transformatio |       |       |       |       |     3 |     1 |       ||     4
Evoke: Wand              |       |       |     3 |     5 |     3 |     4 |       ||    15
  Use: Potion            |       |     4 |     3 |       |     7 |     5 |     8 ||    27
       Scroll            |       |     1 |    13 |    14 |    20 |     8 |     3 ||    59
 Stab: Sleeping          |       |     1 |       |     1 |       |     3 |     1 ||     6
       Paralysed         |       |       |     4 |       |       |       |       ||     4
       Distracted        |       |       |       |       |       |     7 |       ||     7
Armor: Robe              |     5 |    12 |    29 |    57 |    35 |       |       ||   138
       Skin              |       |     7 |       |       |    46 |    86 |    25 ||   164
Dodge: Dodged            |    56 |   142 |   231 |   387 |   678 |   663 |   125 ||  2282

Table legend: (Time is in decaauts)
 A = Elapsed time spent in this place.
 B = Non-inter-level travel time spent in this place.
 C = Inter-level travel time spent in this place.
 D = Time resting spent in this place.
 E = Time spent auto-exploring this place.
 F = Levels seen in this place.
 G = Mean time per level.
                   A        B        C        D        E       F      G
               +--------+--------+--------+--------+--------+-----+--------+
         Total |  38520 |  35507 |   3013 |   6173 |  20480 |  38 | 1013.7 |
       Dungeon |  12318 |  11090 |   1228 |    727 |   7644 |  12 | 1026.5 |
        Temple |    626 |    620 |      6 |    542 |     32 |   1 |  626.0 |
          Lair |   6410 |   5582 |    828 |    602 |   3518 |   5 | 1282.0 |
        Shoals |   5341 |   5128 |    213 |   1268 |   2291 |   4 | 1335.2 |
   Spider Nest |   4773 |   4556 |    217 |    528 |   3120 |   4 | 1193.2 |
    Slime Pits |   2395 |   2189 |    206 |    895 |    897 |   5 |  479.0 |
  Orcish Mines |   2127 |   1896 |    231 |    421 |   1178 |   2 | 1063.5 |
   Elven Halls |   2134 |   2051 |     83 |    749 |    740 |   2 | 1067.0 |
       Ossuary |    452 |    452 |      0 |    119 |    132 |   1 |  452.0 |
        Bailey |    919 |    919 |      0 |    267 |    298 |   1 |  919.0 |
      Ice Cave |   1021 |   1021 |      0 |     54 |    628 |   1 | 1021.0 |
               +--------+--------+--------+--------+--------+-----+--------+

Top non-repeatable levels by time:
Spider:4: 1780 daAuts
   Elf:1: 1768 daAuts
Shoals:3: 1677 daAuts
  Lair:5: 1606 daAuts
   Orc:2: 1470 daAuts
Spider:1: 1458 daAuts
     D:7: 1410 daAuts
    D:10: 1400 daAuts
    D:11: 1386 daAuts
Shoals:4: 1383 daAuts
  Lair:2: 1358 daAuts
     D:9: 1325 daAuts
     D:4: 1300 daAuts
  Lair:4: 1298 daAuts
     D:5: 1191 daAuts
